AoeStats
← Drovka

Lombardia

509500593Analyzed
4v4 RM · 4d ago on Sep 27, 2026· 40m 20s· 8 players
Game mode
Random Map
Map size
Large (8 player)
Population
200
Speed
Normal
Resources
Standard
Victory
Conquest
Starting age
Dark Age
Ending age
Imperial Age
RankedLock teamsTeams togetherTeam positionsShared explorationLock speedFull tech treeHidden civsTurbo modeCheats
Victory
Defeat
🇲🇽 Franks · Mexico
1387
+12
🇨🇴 Mapuche · Colombia
1329
+15
🇲🇽 Persians · Mexico
1243
+18
🇪🇨 Georgians · Ecuador
1378
-18
🇨🇴 Khitans · Colombia
1307
-15
🇲🇽 Chinese · Mexico
1270
-13
🇨🇴 Mongols · Colombia
1242
-12
Bad Panda
10:31 Feudal Age
14:13 Castle Age
12:43 Double-Bit Axe
17:21 Bow Saw
18:10 Horse Collar
20:51 Wheelbarrow
20:05 Loom
30:47 Imperial Age
29:00 Town Watch
29:31 Hand Cart
29:46 Forging
29:42 Scale Barding Armor
30:03 Husbandry
30:14 Bloodlines
30:13 Murder Holes
30:16 Fletching
31:46 Conscription
32:45 Heavy Plow
33:24 Chain Barding Armor
34:45 Plate Barding Armor
34:46 Iron Casting
34:51 Town Patrol
34:52 Gold Mining
34:53 Stone Mining
35:43 Elite War Elephant
38:28 Blast Furnace
37:26 Bodkin Arrow
37:49 Masonry
38:00 Ballistics
38:41 Chemistry
40:03 Gold Shaft Mining
40:04 Stone Shaft Mining
40:10 Architecture
TheHornyGuy
11:04 Feudal Age
10:49 Loom
14:39 Castle Age
13:53 Double-Bit Axe
17:21 Bow Saw
22:03 Gold Mining
25:50 Wheelbarrow
25:00 Town Watch
26:37 Forging
26:34 Scale Barding Armor
29:22 Iron Casting
29:00 Husbandry
30:31 Gold Shaft Mining
30:53 Chain Barding Armor
35:29 Imperial Age
34:05 Fletching
35:09 Hand Cart
35:04 Bodkin Arrow
35:49 Cavalier
37:07 Ballistics
37:47 Chemistry
36:45 Murder Holes
37:08 Caravan
37:38 Coinage
37:35 Conscription
37:30 Chivalry
37:55 Paladin
37:56 Light Cavalry
臣等正欲死战,陛下何故先降耶?
10:32 Feudal Age
15:06 Castle Age
13:43 Double-Bit Axe
13:42 Horse Collar
18:09 Bow Saw
19:31 Gold Mining
19:48 Fletching
20:23 Padded Archer Armor
21:22 Bodkin Arrow
22:55 Leather Archer Armor
24:14 Gold Shaft Mining
23:27 Loom
25:30 Stone Mining
33:43 Imperial Age
33:11 Bloodlines
33:01 Husbandry
33:25 Ballistics
34:20 Stone Shaft Mining
35:01 Conscription
36:01 Heavy Plow
37:00 Bracer
38:16 Chemistry
38:22 Thumb Ring
39:25 Parthian Tactics
Viva Cristo
8:32 Loom
11:14 Feudal Age
12:25 Double-Bit Axe
15:22 Castle Age
23:05 Bow Saw
23:56 Wheelbarrow
23:29 Horse Collar
25:33 Pikeman
29:12 Hand Cart
28:43 Town Watch
31:36 Scale Mail Armor
32:02 Forging
34:04 Heavy Plow
34:34 Chain Mail Armor
36:11 Iron Casting
35:43 Gold Mining
37:49 Gold Shaft Mining
37:05 Stone Mining
39:41 Stone Shaft Mining
Drovka
4:38 Loom
11:34 Feudal Age
16:22 Castle Age
15:52 Double-Bit Axe
15:48 Horse Collar
17:17 Bow Saw
19:35 Wheelbarrow
19:28 Heavy Plow
21:20 Heavy Plow
21:37 Stone Mining
24:18 Hand Cart
23:52 Town Watch
24:29 Gold Mining
29:54 Imperial Age
27:29 Fletching
27:40 Padded Archer Armor
27:51 Bloodlines
28:52 Gold Shaft Mining
28:41 Bodkin Arrow
29:56 Leather Archer Armor
29:57 Elite Mangudai
31:32 Conscription
31:16 Bracer
33:07 Chemistry
32:24 Leather Archer Armor
32:35 Ballistics
33:17 Conscription
34:00 Thumb Ring
34:22 Parthian Tactics
34:25 Husbandry
35:04 Light Cavalry
37:09 Siege Engineers
36:45 Heavy Scorpion
37:51 Drill
TREX KID BOO
6:01 Loom
9:06 Feudal Age
10:47 Double-Bit Axe
11:43 Horse Collar
19:35 Bloodlines
19:39 Forging
19:35 Scale Barding Armor
22:04 Castle Age
22:47 Light Cavalry
23:52 Chain Barding Armor
24:08 Iron Casting
24:55 Wheelbarrow
24:58 Husbandry
24:54 Town Watch
38:04 Imperial Age
36:05 Hand Cart
35:51 Town Patrol
37:47 Coinage
39:30 Elite Monaspa
40:16 Aznauri Cavalry
40:50 Plate Barding Armor
41:16 Blast Furnace
MZTK | John_Wick
7:49 Loom
10:09 Feudal Age
10:48 Town Watch
12:14 Forging
12:25 Scale Barding Armor
19:58 Castle Age
18:04 Double-Bit Axe
19:19 Domestication
21:19 Iron Casting
20:06 Light Cavalry
23:25 Chain Barding Armor
25:15 Husbandry
31:24 Gambesons
31:39 Squires
31:45 Scale Mail Armor
33:00 Arson
34:07 Wheelbarrow
36:17 Chain Mail Armor
rakz
0:31 Loom
10:39 Feudal Age
17:51 Castle Age
18:21 Gold Mining
20:44 Double-Bit Axe
20:43 Horse Collar
25:16 Wheelbarrow
26:04 Stone Mining
26:13 Elite Skirmisher
26:14 Crossbowman
27:55 Thumb Ring
29:16 Ballistics
33:55 Imperial Age
32:17 Hand Cart
32:20 Padded Archer Armor
32:13 Fletching
32:33 Forging
32:23 Scale Mail Armor
32:59 Town Watch
34:46 Iron Casting
34:52 Gold Shaft Mining
34:56 Chain Mail Armor
34:31 Arson
34:46 Squires
34:07 Pikeman
34:45 Arbalester
36:44 Chemistry
35:17 Halberdier
36:11 Heavy Plow
37:13 Leather Archer Armor
36:55 Bodkin Arrow
38:00 Blast Furnace
37:33 Town Patrol
Connection lost

Rejoining the realm…

Still unreachable

The connection could not be restored.

Session expired

The server has moved on; the page needs a fresh start.